 Dungeon Crawl Stone Soup version 0.21.1-1-g345015f (webtiles) character file.

265 osko the Chopper (level 5, 0/70 HPs)
             Began as a Minotaur Berserker on Apr 30, 2018.
             Was a Believer of Trog.
             Slain by Purgy (3 damage)
             ... on level 3 of the Dungeon.
             The game lasted 00:04:14 (1708 turns).

osko the Chopper (Minotaur Berserker)               Turns: 1708, Time: 00:04:14

Health: 0/70       AC:  2    Str: 27    XL:     5   Next: 99%
Magic:  4/4        EV: 13    Int:  4    God:    Trog [**....]
Gold:   137        SH:  0    Dex: 10    Spells: 4/4 levels left

rFire    . . .     SeeInvis .   a - +0 hand axe
rCold    . . .     Gourm    .   (no shield)
rNeg     . . .     Faith    .   b - +0 animal skin
rPois    .         Spirit   .   (helmet restricted)
rElec    .         Reflect  .   (no cloak)
rCorr    .         Harm     .   (no gloves)
MR       .....                  (no boots)
Stlth    ..........             (no amulet)
HPRegen  0.21/turn              (no ring)
MPRegen  0.09/turn              (no ring)

@: berserking, very quick
A: retaliatory headbutt, horns 2
a: Berserk, Trog's Hand, Burn Spellbooks, Renounce Religion


You were on level 3 of the Dungeon.
You worshipped Trog.
Trog was pleased with you.
You were not hungry.

You visited 1 branch of the dungeon, and saw 3 of its levels.

You collected 137 gold pieces.

Inventory:

Hand Weapons
 a - a +0 hand axe (weapon)
Armour
 b - a +0 animal skin (worn)
Scrolls
 e - 3 scrolls of teleportation {unknown}
 h - 2 scrolls of remove curse {unknown}
 i - 4 scrolls of identify {unknown}
 j - 2 scrolls of blinking {unknown}
 n - a scroll of enchant armour {unknown}
Potions
 d - a potion of berserk rage {unknown}
 f - a potion of curing {unknown}
 g - a potion of resistance {unknown}
 k - a potion of flight {unknown}
 l - a potion of ambrosia {unknown}
 m - a potion of agility {unknown}
Comestibles
 c - 4 rations


   Skills:
 + Level 4.8 Fighting
 * Level 5.8 Axes
 + Level 4.0 Armour
 + Level 3.6 Dodging


You had 4 spell levels left.
You didn't know any spells.

Dungeon Overview and Level Annotations

Branches:
Dungeon (3/15)

Altars:
Wu Jian

Annotations:
D:3 Purgy


Innate Abilities, Weirdness & Mutations

You reflexively headbutt those who attack you in melee.
You have a pair of horns on your head.


Message History

You hit Purgy.
Purgy is heavily wounded.
Purgy barely misses you. You furiously retaliate!
You headbutt Purgy. Purgy claws you.
* * * LOW HITPOINT WARNING * * *
Purgy barely misses you.
You miss Purgy.
Purgy is heavily wounded.
Purgy bites you.
* * * LOW HITPOINT WARNING * * *
Purgy claws you.
* * * LOW HITPOINT WARNING * * *
Purgy claws you.
* * * LOW HITPOINT WARNING * * *
A red film seems to cover your vision as you go berserk!
You feel yourself moving faster!
You feel mighty!
You feel a lot more hungry. Purgy misses you. Purgy claws you.
* * * LOW HITPOINT WARNING * * *
Purgy claws you.
You die...

#. ........##.##..
#.#######.....##.###.
....#........##.#...
#..#.#.).........#
#(.#.............#
#.####....##..#####...##
#........###..# #...).
.#####..# #..# #..###
#@.# #..# #..# #T..#
#..# #..# .(.#.......
#... ###...###.## ##.##
###.# #. #.# #.. #.# ##
#.#


You could see Purgy.

Vanquished Creatures
  The ghost of Verendum the Skirmisher, an amateur GrMo (D:3)
  An ogre (D:3)
  2 adders (D:2)
  An ooze (D:2)
  2 leopard geckos
  A ball python (D:1)
  2 giant cockroaches
  6 goblins
  2 hobgoblins (D:1)
  4 jackals (D:1)
  8 kobolds
  A quokka (D:2)
  5 bats
  A frilled lizard (D:2)
  10 rats
47 creatures vanquished.

Notes
Turn   | Place    | Note
-------+----------+-------------------------------------------
     0 | D:1      | osko the Minotaur Berserker began the quest for the Orb.
     0 | D:1      | Reached XP level 1. HP: 19/19 MP: 0/0
   113 | D:1      | Reached XP level 2. HP: 18/27 MP: 1/1
   221 | D:1      | Reached skill level 4 in Axes
   678 | D:2      | Found an ornate altar of the Wu Jian Council.
   686 | D:2      | Reached XP level 3. HP: 33/33 MP: 2/2
   690 | D:2      | Reached ** piety under Trog
  1411 | D:3      | Noticed Verendum's ghost (amateur GrMo)
  1413 | D:3      | Noticed an ogre
  1426 | D:3      | Killed Verendum's ghost
  1426 | D:3      | Reached skill level 5 in Axes
  1426 | D:3      | Reached XP level 4. HP: 7/41 MP: 3/3
  1426 | D:3      | Reached XP level 5. HP: 8/47 MP: 4/4
  1429 | D:3      | Killed an ogre
  1694 | D:3      | Noticed Purgy
  1708 | D:3      | HP: 3/70 [Purgy (1)]
  1708 | D:3      | Slain by Purgy

Skill      XL: |  1  2  3  4  5 |
---------------+----------------+-----
Axes           | 4 5 |  5.8
Fighting       | 4 |  4.8
Armour         | 3 4 |  4.0
Dodging        | 3 |  3.6

Action                   |  1- 3 |  4- 6 || total
-------------------------+-------+-------++-------
Melee: Hand axe          |    97 |    20 ||   117
       Headbutt          |    12 |     2 ||    14
Invok: Berserk           |     1 |     1 ||     2
  Eat: Chunk             |     2 |       ||     2
       Ration            |       |     1 ||     1
Armor: Animal skin       |    17 |     2 ||    19
Dodge: Dodged            |    59 |    30 ||    89
